 Dungeon Crawl Stone Soup version 0.31-a0-1-g4198be8af4 (webtiles) character file.

Game seed: 16085594254112016066

1311 jlumianski the Chopper (level 8, -2/61 HPs)
             Began as a Demonspawn Fighter on May 3, 2023.
             Was a Follower of Qazlal.
             Slain by Joseph
             ... wielding a +0 quarterstaff
              (17 damage)
             ... on level 7 of the Dungeon.
             The game lasted 00:18:07 (5018 turns).

jlumianski the Chopper (Demonspawn Fighter)         Turns: 5018, Time: 00:18:08

Health: -2/61      AC: 13    Str: 18    XL:     8   Next: 32%
Magic:  11/11      EV:  8    Int: 10    God:    Qazlal [*.....]
Gold:   290        SH: 11    Dex: 13    Spells: 7/7 levels left

rFire   . . .        a - +0 war axe
rCold   . . .        c - +0 buckler
rNeg    . . .        F - +0 chain mail
rPois   +            (helmet restricted)
rElec   .            B - +2 cloak
rCorr   +            (no gloves)
SInv    .            (no boots)
Will    .....        l - amulet of reflection Stlth
                     g - ring of poison resistance
HPRegen 0.30/turn    u - ring of resist corrosion
MPRegen 0.12/turn

%: reflection
@: no status effects
A: antennae 1, foul stench 1, sharp scales 1, demonic magic 2
a: Renounce Religion


You were on level 7 of the Dungeon.
You worshipped Qazlal.
Qazlal was aware of your devotion.
You visited 2 branches of the dungeon, and saw 9 of its levels.

You collected 290 gold pieces.

Inventory:

Hand Weapons
 a - a +0 war axe (weapon)
 A - a +0 whip of draining
Missiles
 q - a throwing net (quivered)
 w - 35 stones
Armour
 b - a +0 scale mail
 c - a +0 buckler (worn)
 n - a +2 ring mail of fire resistance
 v - a +0 pair of gloves
 B - a +2 cloak (worn)
 F - a +0 chain mail (worn)
Jewellery
 g - a ring of poison resistance (left hand)
 l - an amulet of reflection (around neck)
 u - a ring of resist corrosion (right hand)
 H - a +6 ring of intelligence
 I - an amulet of the acrobat
 J - the ring of Deol {Ice Will++ rCorr Str-3}
   (You found it on level 5 of the Dungeon)

   [ring of ice]

   It enhances your ice magic.
   Str:       It affects your strength (-3).
   rF:        It makes you vulnerable to fire.
   rC:        It protects you from cold.
   rCorr:     It protects you from acid and corrosion.
   Will:      It greatly increases your willpower.
Wands
 i - a wand of flame (34)
 y - a wand of digging (8)
 C - a wand of polymorph (23)
Scrolls
 e - a scroll of immolation
 f - 3 scrolls of vulnerability
 j - a scroll of enchant weapon {unknown}
 k - 2 scrolls of teleportation
 p - a scroll of butterflies {unknown}
 r - a scroll of enchant armour {unknown}
 s - a scroll of fog {unknown}
 K - a scroll of torment {unknown}
Potions
 d - 2 potions of might
 h - a potion of flight
 m - 2 potions of degeneration
 o - a potion of lignification
 t - a potion of resistance {unknown}
 x - 2 potions of attraction
 z - 3 potions of mutation {unknown}
 D - 2 potions of heal wounds {unknown}
 E - 3 potions of curing
 G - a potion of magic
 L - a potion of haste {unknown}


   Skills:
 + Level 4.4 Fighting
 + Level 6.0 Axes
 + Level 4.3 Armour
 + Level 1.7 Dodging
 - Level 0.2 Stealth
 + Level 4.5 Shields
 * Level 4.6 Invocations


You had 7 spell levels left.
You didn't know any spells.
Your spell library contained the following spells:

 Spells                   Type           Power      Damage    Failure   Level
 Sting                    Tmut/Pois      0%         1d3       99%         1
 Blink                    Tloc           0%         N/A       99%         2
 Lesser Beckoning         Tloc           0%         N/A       99%         2
 Poisonous Vapours        Pois/Air       0%         N/A       99%         2
 Scorch                   Fire           0%         2d5       99%         2
 Gell's Gravitas          Tloc           0%         N/A       100%        3
 Hailstorm                Conj/Ice       0%         3d3       100%        3
 Inner Flame              Hex/Fire       0%         N/A       100%        3
 Teleport Other           Tloc           0%         N/A       100%        3
 Flame Wave               Conj/Fire      0%         2d4       100%        4
 Manifold Assault         Tloc           0%         N/A       100%        4
 Olgreb's Toxic Radiance  Pois           0%         N/A       100%        4
 Sticky Flame             Conj/Fire      0%         2d3       100%        4
 Summon Ice Beast         Ice/Summ       0%         N/A       100%        4
 Fireball                 Conj/Fire      0%         3d3       100%        5
 Summon Forest            Summ/Tloc      0%         N/A       100%        5
 Summon Mana Viper        Hex/Summ       0%         N/A       100%        5
 Dispersal                Tloc           0%         N/A       100%        6
 Summon Cactus Giant      Summ           0%         N/A       100%        6
 Storm Form               Tmut/Air       0%         N/A       100%        7
 Disjunction              Tloc           0%         N/A       100%        8


Dungeon Overview and Level Annotations

Branches:
Dungeon (8/15)             Temple (1/1) D:4
   Lair: D:8-11

Altars:
Ashenzari
Cheibriados
Dithmenos
Fedhas
Gozag
Hepliaklqana
Kikubaaqudgha
Makhleb
Nemelex Xobeh
Okawaru
Qazlal
Ru
Sif Muna
Trog
Uskayaw
Vehumet
Wu Jian
Xom
Yredelemnul

Shops:
D:7 (

Annotations:
D:7 Joseph


Innate Abilities, Weirdness & Mutations

You have a pair of small antennae on your head.
You may rarely emit foul miasma when damaged in melee.
You are partially covered in razor-sharp scales. (AC +1, Slay +1)
Spells you cast may paralyse nearby enemies.


Message History

You closely miss Joseph.
Joseph is severely wounded.
You miss something. You block Joseph's attack.
Something hits you but does no damage. Joseph hits you with a +0 quarterstaff.
You closely miss Joseph.
Joseph is severely wounded.
You barely miss something. Something hits you. Something shocks you.
Joseph barely misses you.
You barely miss Joseph.
Joseph is severely wounded.
You barely miss something. Something hits you but does no damage.
Joseph shouts, "At last, some action!"
Joseph barely misses you.
You closely miss Joseph.
Joseph is severely wounded.
You miss something. Something hits you but does no damage.
Joseph hits you but does no damage. Something hits you but does no damage.
You hit Joseph but do no damage.
Joseph is severely wounded.
You slash something! Joseph hits you with a +0 quarterstaff.
Something hits you. Something shocks you.
Joseph hits you with a +0 quarterstaff!
You hit Joseph.
Joseph is severely wounded.
You closely miss something. You block something's attack.
Joseph hits you but does no damage.
You slash Joseph!
Joseph is almost dead.
You completely miss something. Something hits you but does no damage.
Joseph hits you but does no damage.
You hit Joseph.
Joseph is almost dead.
You hit something. Something hits you but does no damage.
You block Joseph's attack. Something hits you. Something shocks you.
* * * LOW HITPOINT WARNING * * *
You hit Joseph but do no damage.
Joseph is almost dead.
You miss something. Joseph barely misses you. You block something's attack.
Joseph hits you with a +0 quarterstaff!
You die...

. ## #### .. #.
..... ... #. .....
..##.######.....
..............
######@#{#.....#.#
..!....@.....#.#.#
.#####.###.#.#.#.#
#.....†.....#
#####.#.....#
##.....#.....#
.......#.#.#.#
#.###...#........
#.....#.#.####..#
. #####
#...#.#.#.##


You could see Joseph.

Vanquished Creatures
  A water moccasin (D:6)
  An orc warrior (D:6)
  A black bear (D:6)
  A phantom (D:5)
  2 bullfrogs
  2 scorpions
  A howler monkey (D:6)
  4 hounds
  An orc priest (D:6)
  2 jellies (D:6)
  4 sleepcaps (D:6)
  3 iguanas
  Ijyb (D:3)
  An orc wizard (D:7)
  5 gnolls
  8 adders
  A white imp (D:5)
  2 worms (D:5)
  5 dart slugs
  9 orcs
  2 ball pythons (D:3)
  2 endoplasms (D:3)
  3 giant cockroaches
  9 goblins
  4 hobgoblins
  4 kobolds
  3 quokkas
  2 ball python zombies (D:2)
  4 bats
  A frilled lizard (D:1)
  A jackal zombie (D:2)
  6 rats
96 creatures vanquished.

Notes
Turn   | Place    | Note
-------+----------+-------------------------------------------
     0 | D:1      | jlumianski the Demonspawn Fighter began the quest for the
                  | Orb.
     0 | D:1      | Reached XP level 1. HP: 18/18 MP: 1/1
   163 | D:3      | Gained mutation: Spells you cast may paralyse adjacent
                  | enemies. [demonic ancestry]
   163 | D:3      | Reached XP level 2. HP: 9/24 MP: 2/2
   277 | D:3      | Reached skill level 2 in Axes
   416 | D:2      | Gained mutation: Spells you cast may paralyse nearby
                  | enemies. [demonic ancestry]
   416 | D:2      | Reached XP level 3. HP: 28/29 MP: 3/3
  1116 | D:2      | Found a faded altar of an unknown god.
  1271 | D:3      | Noticed Ijyb
  1277 | D:3      | Killed Ijyb
  1278 | D:3      | Reached XP level 4. HP: 24/35 MP: 4/4
  1654 | D:3      | Reached skill level 3 in Axes
  1660 | D:3      | Gained mutation: You have a pair of small antennae on your
                  | head. [demonic ancestry]
  1660 | D:3      | Reached XP level 5. HP: 34/42 MP: 5/5
  1699 | D:5      | Entered Level 5 of the Dungeon
  1746 | D:5      | Found an ornate altar of the Wu Jian Council.
  1756 | D:5      | Found a burning altar of Makhleb.
  1756 | D:5      | Noticed a phantom
  1872 | D:3      | Found a shimmering blue altar of Sif Muna.
  2005 | D:3      | Reached skill level 1 in Dodging
  2333 | D:4      | Found a staircase to the Ecumenical Temple.
  2345 | Temple   | Entered the Ecumenical Temple
  2355 | Temple   | Became a worshipper of Qazlal Stormbringer
  2575 | D:4      | Got the Atlas of the Icicle and Pyromancy
  2671 | D:5      | Killed a phantom
  2672 | D:5      | Reached skill level 1 in Invocations
  2672 | D:5      | Gained mutation: You are partially covered in razor-sharp
                  | scales. (AC +1, Slay +1) [demonic ancestry]
  2672 | D:5      | Reached XP level 6. HP: 28/48 MP: 6/6
  2676 | D:5      | Reached skill level 4 in Axes
  3062 | D:5      | Found a hide-covered altar of Uskayaw.
  3062 | D:5      | Found a sparkling altar of Nemelex Xobeh.
  3198 | D:7      | Noticed Joseph
  3278 | D:6      | Noticed an orc warrior
  3362 | D:5      | Reached XP level 7. HP: 54/54 MP: 8/8
  3389 | D:5      | Identified the ring of Deol {Ice Will++ rCorr Str-3}
  3827 | D:7      | Found Giul's Antique Weapon Boutique.
  3868 | D:6      | Reached skill level 5 in Axes
  3885 | D:6      | Reached * piety under Qazlal
  4046 | D:6      | Gained mutation: You may rarely emit foul miasma when
                  | damaged in melee. [demonic ancestry]
  4046 | D:6      | Reached XP level 8. HP: 23/61 MP: 11/11
  4774 | D:5      | Found a snail-covered altar of Cheibriados.
  4973 | D:7      | Reached skill level 6 in Axes
  5018 | D:7      | Slain by Joseph

Illustrated notes

Levels and vault maps discovered:
D:1:      ebering_hopf_link, layout_rooms, minmay_statues_item,
          minmay_tromino_v4_c
D:2:      layout_basic, ebering_ecumenical_altar_webs, serial_undead,
          serial_undead_b, serial_undead_c, serial_undead_c, serial_undead_e
D:3:      layout_loops_ring, general_overflow_altar, minmay_misc_feat_tiny,
          uniq_ijyb
D:4:      layout_rooms, minmay_temple_entry_grid
D:5:      layout_rooms, gammafunk_temple_overflow_forgotten,
          gammafunk_temple_overflow_elements, cheibrodos_worm_habitat
D:6:      layout_loops_corners
D:7:      layout_basic, serial_shops, nicolae_shop_tiny_real_fake_doors, shop,
          chequers_serial_rivers_micro_a, uniq_pikel, uniq_joseph
D:8:      layout_cave_pools, due_lair_maze_entry_diamond,
          hangedman_feature_mirror
Temple:   nicolae_temple_no_exploring_needed

Skill      XL: |  1  2  3  4  5  6  7  8 |
---------------+-------------------------+-----
Axes           | 2 3 4 5 6 |  6.0
Armour         | 3 4 |  4.3
Shields        | 3 4 |  4.5
Dodging        | 1 |  1.7
Invocations    | 1 2 4 |  4.6
Fighting       | 4 |  4.4
Stealth        | |  0.2

Action                     |  1- 3 |  4- 6 |  7- 9 || total
---------------------------+-------+-------+-------++-------
  Melee: War axe           |    85 |   169 |   163 ||   417
    Use: Scroll            |     2 |     3 |     1 ||     6
         Potion            |       |     2 |     1 ||     3
 Armour: Scale mail        |    20 |       |       ||    20
         Ring mail         |    29 |    31 |       ||    60
         Chain mail        |       |    38 |    68 ||   106
  Dodge: Dodged            |    34 |    51 |    52 ||   137
  Block: Buckler           |    36 |    89 |    80 ||   205
         Reflection        |     1 |     4 |     4 ||     9

Table legend: (Time is in decaauts)
 A = Elapsed time spent in this place.
 B = Non-inter-level travel time spent in this place.
 C = Inter-level travel time spent in this place.
 D = Time resting spent in this place.
 E = Time spent auto-exploring this place.
 F = Levels seen in this place.
 G = Mean time per level.
                   A        B        C        D        E       F      G
               +--------+--------+--------+--------+--------+-----+--------+
         Total |   5192 |   4963 |    229 |    384 |   2399 |   9 |  576.9 |
       Dungeon |   5175 |   4946 |    229 |    384 |   2399 |   8 |  646.9 |
        Temple |     16 |     16 |      0 |      0 |      0 |   1 |   16.0 |
               +--------+--------+--------+--------+--------+-----+--------+

Top non-repeatable levels by time:
     D:6: 1428 daAuts
     D:5: 898 daAuts
     D:3: 818 daAuts
     D:4: 666 daAuts
     D:2: 602 daAuts
     D:1: 595 daAuts
     D:7: 153 daAuts
  Temple: 16 daAuts
     D:8: 10 daAuts
